 Dungeon Crawl Stone Soup version 0.30-a0-347-gf58ed5266c (webtiles) character file.

Game seed: 5337908864685078666

132 koil the Sneak (level 4, -12/22 HPs)
             Began as a Spriggan Enchanter on Nov 6, 2022.
             Mangled by a mummy (17 damage)
             ... in an ossuary.
             The game lasted 00:06:05 (2568 turns).

koil the Sneak (Spriggan Enchanter)                 Turns: 2568, Time: 00:06:06

Health: -12/22     AC:  3    Str:  4    XL:     4   Next: 92%
Magic:  10/10      EV: 18    Int: 18    God:
Gold:   153        SH:  0    Dex: 15    Spells: 7/9 levels left

rFire   . . .      SeeInvis +    a - +3 dagger
rCold   . . .      Faith    .    (no shield)
rNeg    . . .      Spirit   .    b - +0 robe
rPois   .          Reflect  .    (helmet restricted)
rElec   .          Harm     .    r - +0 cloak
rCorr   .          Rampage  .    (gloves unavailable)
Will    .....                    (boots unavailable)
Stlth   +++.......               (no amulet)
HPRegen 0.23/turn                (no ring)
MPRegen 0.12/turn                (no ring)

@: studying Ranged Weapons, very quick
A: very small, no large weapons, unfitting armour, see invisible, speed 3
a: no special abilities


You were in an ossuary.
You visited 1 branch of the dungeon, and saw 4 of its levels.
You also visited: Ossuary.

You collected 153 gold pieces.

Inventory:

Hand Weapons
 a - a +3 dagger (weapon)
 w - a +1 dagger
Missiles
 v - 5 poisoned darts (quivered)
Armour
 b - a +0 robe (worn)
 r - a +0 cloak (worn)
Jewellery
 s - the Hermit's Pendant {Faith Invo=14 Evo=0 MP+5}
   (You found it on level 3 of the Dungeon)

   [amulet of faith]

   It sets your invocations skill to 14 and your evocations skill to 0.
   It allows you to gain divine favour quickly.
   MP:        It affects your magic capacity (+5).
Wands
 n - a wand of polymorph (2)
Scrolls
 h - 4 scrolls of identify {unknown}
 i - a scroll of teleportation {unknown}
 k - a scroll of vulnerability {unknown}
 l - 3 scrolls of enchant weapon {unknown}
 m - a scroll of enchant armour {unknown}
 p - 2 scrolls of noise {unknown}
 q - a scroll of magic mapping {unknown}
 t - a scroll of acquirement {unknown}
 u - a scroll of blinking {unknown}
Potions
 c - 2 potions of invisibility
 d - a potion of curing {unknown}
 e - a potion of attraction {unknown}
 f - a potion of mutation {unknown}
 g - a potion of might {unknown}
 j - 2 potions of degeneration {unknown}
 o - a potion of berserk rage {unknown}
 x - a potion of brilliance {unknown}


   Skills:
 + Level 1.2 Fighting
 + Level 2.1 Short Blades
 + Level 0.8 Ranged Weapons
 + Level 3.4 Dodging
 + Level 5.3 Stealth
 + Level 3.4 Spellcasting
 + Level 1.0 Conjurations
 + Level 4.1 Hexes


You had 7 spell levels left.
You knew the following spells:

 Your Spells              Type           Power      Damage    Failure   Level
a - Ensorcelled Hibernat  Hex/Ice        20%        N/A       10%         2

Your spell library contained the following spells:

 Spells                   Type           Power      Damage    Failure   Level
 Confusing Touch          Hex            18%        N/A       9%          3
 Tukima's Dance           Hex            18%        N/A       9%          3
 Dazzling Flash           Conj/Hex       24%        N/A       16%         3
 Summon Forest            Summ/Tloc      1%         N/A       99%         5
 Eringya's Noxious Bog    Tmut/Pois      1%         N/A       100%        6
 Summon Hydra             Summ           1%         N/A       100%        7


Dungeon Overview and Level Annotations

Branches:
Dungeon (4/15)            Ossuary (1/1)
 Temple: D:4-7

Altars:
Gozag


Innate Abilities, Weirdness & Mutations

You are very small and have problems with some larger weapons.
You are too small for most types of armour.
You have supernaturally acute eyesight. (SInv)
You cover ground extremely quickly. (Speed+++)


Message History

The kobold zombie barely misses you.
You hit the orc zombie.
The orc zombie is moderately damaged.
The gnoll zombie misses you. The orc zombie completely misses you.
The kobold zombie hits you but does no damage.
You hit the orc zombie.
The orc zombie is severely damaged.
The gnoll zombie misses you.
You hit the orc zombie.
The orc zombie is almost destroyed.
The kobold zombie hits you but does no damage.
The orc zombie barely misses you.
You hit the orc zombie.
You destroy the orc zombie!
The gnoll zombie barely misses you. The mummy closely misses you.
The kobold zombie hits you but does no damage.
You hit the gnoll zombie.
The gnoll zombie is moderately damaged.
The gnoll zombie closely misses you. The mummy hits you!
You hit the gnoll zombie.
The gnoll zombie is heavily damaged.
The kobold zombie barely misses you. The mummy closely misses you.
The gnoll zombie barely misses you.
You hit the gnoll zombie.
The gnoll zombie is severely damaged.
The kobold zombie completely misses you.
The mummy closely misses you.
You hit the gnoll zombie.
You destroy the gnoll zombie!
The mummy closely misses you.
The kobold zombie completely misses you. 2 mummies and a kobold zombie come into view.
The mummy hits you!
* * * LOW HITPOINT WARNING * * *
2 mummies come into view.
A mummy comes into view.
A mummy comes into view.
The mummy hits you!
Ouch! That really hurt!
You die...

##########
##....M...M
##..M...#### M.
#...@..##..## ...
#.....##....##...
#.....M..........
##.....M.........
##...Z..........
#+##.......Z#
##Z.M...##
##....## #M...#


You could see 6 mummies, a gnoll zombie and a kobold zombie.

Vanquished Creatures
  An orc wizard (D:4)
  5 adders
  2 worms
  3 dart slugs (D:1)
  4 orcs
  2 endoplasms (D:1)
  3 giant cockroaches
  2 gnoll zombies (Ossuary)
  4 hobgoblins
  2 kobolds
  3 ball pythons (D:2)
  5 bats
  5 frilled lizards
  2 goblins
  A hobgoblin zombie (Ossuary)
  A kobold zombie (Ossuary)
  An orc zombie (Ossuary)
  4 rats
50 creatures vanquished.

Notes
Turn   | Place    | Note
-------+----------+-------------------------------------------
     0 | D:1      | koil the Spriggan Enchanter began the quest for the Orb.
     0 | D:1      | Reached XP level 1. HP: 9/9 MP: 5/5
   317 | D:1      | Reached XP level 2. HP: 10/13 MP: 6/6
   320 | D:1      | Learned a level 2 spell: Ensorcelled Hibernation
  1004 | D:2      | Found an opulent altar of Gozag.
  1017 | D:2      | Reached XP level 3. HP: 17/17 MP: 8/8
  1255 | D:2      | Reached skill level 5 in Stealth
  1527 | D:3      | Found the Hermit's Pendant {Faith Invo=14 Evo=0 MP+5}
  1541 | D:3      | Reached XP level 4. HP: 18/21 MP: 4/9
  2162 | D:3      | Reached skill level 1 in Fighting
  2325 | D:4      | Reached skill level 1 in Conjurations
  2524 | D:4      | Found a sand-covered staircase.
  2529 | Ossuary  | Entered an ossuary
  2568 | Ossuary  | Mangled by a mummy

Illustrated notes

Levels and vault maps discovered:
D:1:      eino_arrival_cavern_a, layout_loops_ring
D:2:      layout_basic, basic_altar, lightli_corner_chamber
D:3:      layout_basic
D:4:      minmay_inner_zag, layout_cave_pools, minmay_temple_entry_junction,
          enter_ossuary_5, minmay_fractal_squares_diagonal_5
Ossuary:  ossuary_tomb_3

Skill      XL: |  1  2  3  4 |
---------------+-------------+-----
Dodging        | 3 |  3.4
Spellcasting   | 3 |  3.4
Stealth        | 5 |  5.3
Hexes          | 4 |  4.1
Fighting       | 1 |  1.2
Short Blades   | 2 |  2.1
Conjurations   | 1 |  1.0
Ranged Weapons | |  0.8

Action                   |  1- 3 |  4- 6 || total
-------------------------+-------+-------++-------
Melee: Dagger            |    71 |    60 ||   131
 Cast: Ensorcelled Hiber |    10 |     8 ||    18
 Stab: Sleeping          |    14 |     7 ||    21
       Distracted        |       |     1 ||     1
Armor: Robe              |     3 |    11 ||    14
Dodge: Dodged            |    43 |    66 ||   109

Table legend: (Time is in decaauts)
 A = Elapsed time spent in this place.
 B = Non-inter-level travel time spent in this place.
 C = Inter-level travel time spent in this place.
 D = Time resting spent in this place.
 E = Time spent auto-exploring this place.
 F = Levels seen in this place.
 G = Mean time per level.
                   A        B        C        D        E       F      G
               +--------+--------+--------+--------+--------+-----+--------+
         Total |   1797 |   1767 |     30 |    184 |   1226 |   5 |  359.4 |
       Dungeon |   1767 |   1737 |     30 |    184 |   1226 |   4 |  441.8 |
       Ossuary |     29 |     29 |      0 |      0 |      0 |   1 |   29.0 |
               +--------+--------+--------+--------+--------+-----+--------+

Top non-repeatable levels by time:
     D:3: 615 daAuts
     D:1: 536 daAuts
     D:2: 399 daAuts
     D:4: 215 daAuts
 Ossuary: 29 daAuts
